 Dungeon Crawl Stone Soup version 0.27.1-33-g824d729ab1 (webtiles) character file.

Game seed: 14396858100910905550

10500 belegose the Covert (level 11, -1/89 HPs)
             Began as a Gnoll Delver on Dec 17, 2021.
             Was an Elder of Zin.
             Slain by Snorg (6 damage)
             ... on level 10 of the Dungeon.
             The game lasted 00:47:02 (16432 turns).

belegose the Covert (Gnoll Delver)                 Turns: 16432, Time: 00:47:02

Health: -1/89      AC:  8    Str: 18    XL:     11   Next: 63%
Magic:  20/20      EV: 15    Int: 12    God:    Zin [****..]
Gold:   556        SH:  0    Dex: 14    Spells: 17/23 levels left

rFire    . . .     SeeInvis .   a - +2 dagger (venom)
rCold    + . .     Faith    .   (no shield)
rNeg     . . .     Spirit   .   F - +2 leather armour {rC+}
rPois    +         Reflect  .   (no helmet)
rElec    .         Harm     .   y - +0 cloak {rPois}
rCorr    .         Rampage  .   A - +0 pair of gloves
Will     .....                  (no boots)
Stlth    +++++.....             (no amulet)
HPRegen  0.24/turn              I - ring of wizardry
MPRegen  0.17/turn              u - +6 ring of strength

@: no status effects
A: fangs 1, strong nose, distributed training
a: Renounce Religion, Recite, Vitalisation, Imprison, Donate Gold


You were on level 10 of the Dungeon.
You worshipped Zin.
Zin was greatly pleased with you.
You visited 2 branches of the dungeon, and saw 11 of its levels.

You collected 617 gold pieces.
You donated 61 gold pieces to Zin.

Inventory:

Hand Weapons
 a - a +2 dagger of venom (weapon)
 b - a +2 hand axe of electrocution
 w - a +5 falchion of freezing
 B - a +5 mace
Missiles
 r - 225 stones
 s - a throwing net
 C - 37 poisoned darts (quivered)
Armour
 h - +0 acid dragon scales
 y - a +0 cloak of poison resistance (worn)
 A - a +0 pair of gloves (worn)
 F - a +2 leather armour of cold resistance (worn)
 J - the +2 scale mail of Prudence {rElec Will- Int+10}
   (You took it off a kobold brigand on level 8 of the Dungeon)

   Int:       It affects your intelligence (+10).
   rElec:     It insulates you from electricity.
   Will:      It decreases your willpower.
Jewellery
 u - a +6 ring of strength (right hand)
 I - a ring of wizardry (left hand)
 L - a ring of see invisible
Wands
 g - a wand of digging (8)
 l - a wand of flame (78)
 m - a wand of iceblast (3)
 K - a wand of mindburst (10)
Scrolls
 c - 4 scrolls of fog
 d - 4 scrolls of magic mapping
 e - a scroll of fear
 j - 5 scrolls of holy word
 p - 2 scrolls of teleportation {unknown}
 q - 2 scrolls of amnesia {unknown}
 t - 3 scrolls of enchant weapon {unknown}
 x - a scroll of blinking {unknown}
 D - a scroll of noise {unknown}
 E - a scroll of torment {unknown}
 G - a scroll of immolation {unknown}
 M - a scroll of enchant armour {unknown}
Potions
 f - a potion of haste
 i - 2 potions of lignification
 k - 4 potions of curing
 n - a potion of invisibility
 o - a potion of heal wounds
 v - a potion of might
 z - 2 potions of flight
 H - a potion of resistance


   Skills:
 + Level 9.3 Fighting
 + Level 6.5 Short Blades
 + Level 8.0 Long Blades
 + Level 6.5 Axes
 + Level 6.5 Maces & Flails
 + Level 6.5 Polearms
 + Level 6.5 Staves
 + Level 6.5 Slings
 + Level 6.5 Bows
 + Level 6.5 Crossbows
 + Level 6.5 Throwing
 + Level 6.5 Armour
 + Level 8.0 Dodging
 + Level 11.3 Stealth
 + Level 6.5 Shields
 + Level 6.5 Unarmed Combat
 + Level 6.5 Spellcasting
 + Level 5.3 Conjurations
 + Level 5.3 Hexes
 + Level 5.3 Summonings
 + Level 5.3 Necromancy
 + Level 5.3 Translocations
 + Level 5.3 Transmutations
 + Level 5.3 Fire Magic
 + Level 5.3 Ice Magic
 + Level 5.3 Air Magic
 + Level 5.3 Earth Magic
 + Level 5.3 Poison Magic
 + Level 7.1 Invocations
 + Level 6.5 Evocations


You had 17 spell levels left.
You knew the following spells:

 Your Spells              Type           Power      Damage    Failure   Level
a - Swiftness             Air            16%        N/A       2%          3
b - Confusing Touch       Hex            16%        N/A       2%          3

Your spell library contained the following spells:

 Spells                   Type           Power      Damage    Failure   Level
 Passwall                 Tmut/Erth      13%        N/A       1%          2
 Slow                     Hex            16%        N/A       1%          2
 Gell's Gravitas          Tloc           8%         N/A       2%          3
 Lesser Beckoning         Tloc           8%         N/A       2%          3
 Teleport Other           Tloc           16%        N/A       2%          3
 Yara's Violent Unravell  Hex/Tmut       8%         3d5       24%         5
 Invisibility             Hex            8%         N/A       75%         6


Dungeon Overview and Level Annotations

Branches:
Dungeon (10/15)            Temple (1/1) D:4            Lair (0/6) D:8
    Orc: D:9-12

Altars:
Ashenzari
Cheibriados
Gozag
Hepliaklqana
Kikubaaqudgha
Makhleb
Nemelex Xobeh
Okawaru
Qazlal
Ru
Sif Muna
Trog
Uskayaw
Vehumet
Wu Jian
Xom
Zin

Shops:
D:4 :   D:9 :

Annotations:
D:5 Edmund
D:8 2 transporters, jl93's ghost, novice MfGl
D:10 Snorg


Innate Abilities, Weirdness & Mutations

You have very sharp teeth.
Your uncanny sense of smell can sniff out nearby items.
Your experience applies equally to all skills.


Message History

Snorg is lightly wounded.
You feel sluggish. "...profanity they shall be!
Zin will oust them again..." "...and again, and again!"
You finish reciting Anathema 14:17. "Purity be upon you all."
Okay, then.
You feel yourself speed up.
Snorg is no longer dazed.
There is an open door here.
Snorg looks more energetic.
Aiming: Mindburst
Press: ? - help, Shift-Dir - straight line, f/p - Snorg
Aim: Snorg (lightly wounded, poisoned, chance to affect: 56%) Snorg's mind is blasted!!
You start to feel a little faster.
Snorg goes berserk!
You hear a shout!
Snorg looks more healthy.
You no longer feel sluggish.
Snorg bites you!
* * * LOW HITPOINT WARNING * * *
Snorg completely misses you. Snorg closely misses you.
You see here a vampire mosquito corpse.
You are ready to recite again.
There is a stone staircase leading up, spattered with blood here.
There is an open door here.
Your extra speed is starting to run out.
The sentinel's mark upon you fades away.
You hear a shout!
You open the door.
You feel yourself slow down. Snorg barely misses you. Snorg claws you!
* * * LOW HITPOINT WARNING * * *
Snorg claws you.
* * * LOW HITPOINT WARNING * * *
Snorg closely misses you. Snorg misses you. Snorg claws you!
* * * LOW HITPOINT WARNING * * *
There is an open door here.
Snorg closely misses you. Snorg claws you.
You die...

##.## #......# #
#..# #####.## # #.#
##...†.# ..#
#.<#####
..#####'########
..##...........####
...............#..
..#............#.#
..##...........#@#
..##...........T.#
..##..........>###
..#######+######
### # ### ..# ∆ ..#
∆


You could see Snorg (berserk).

Vanquished Creatures
  Pikel (D:9)
  A cyclops (D:8)
  Maurice (D:8)
  Joseph (D:10)
  A kobold demonologist (D:7)
  Maggie (D:9)
  A hornet (shapeshifter) (D:10)
  A hornet (D:8)
  A meliai zombie (D:10)
  11 yaks
  3 wyverns
  2 vampires (D:9)
  Eustachio (D:6)
  Grum (D:8)
  4 steam dragons
  2 vampire mosquitoes
  Menkaure (D:5)
  An acid dragon (D:10)
  3 water moccasins
  3 sky beasts
  A hornet zombie (D:8)
  3 orc warriors
  An ice beast (D:8)
  3 black bears
  5 centaurs
  4 ogres
  2 wolves (D:8)
  2 lemures (D:9)
  A kobold brigand (D:8)
  2 bullfrogs
  4 wyvern zombies
  3 scorpions (D:5)
  A wyvern skeleton (D:6)
  3 killer bees (D:10)
  9 wights
  A howler monkey (D:7)
  A bullfrog zombie (D:5)
  4 centaur zombies
  3 orc priests
  2 hounds
  5 jellies
  A gnoll shaman (D:5)
  A centaur skeleton (D:7)
  An iguana (D:6)
  6 orc wizards
  10 gnolls
  2 howler monkey skeletons
  An adder (D:5)
  An ufetubus (D:4)
  An adder skeleton (D:4)
  3 worms
  23 orcs
  4 ball pythons
  6 bats
  8 endoplasms
  6 giant cockroaches (D:1)
  3 goblins
  4 hobgoblins
  6 jackals (D:1)
  2 quokkas
  A frilled lizard (D:1)
  11 kobolds
  10 rats
212 creatures vanquished.

Vanquished Creatures (others)
  28 fungi
  14 plants (D:8)
42 creatures vanquished.

Grand Total: 254 creatures vanquished

Notes
Turn   | Place    | Note
-------+----------+-------------------------------------------
     0 | D:5      | Reached skill level 9 in Stealth
     0 | D:5      | belegose the Gnoll Delver began the quest for the Orb.
     0 | D:5      | Reached XP level 1. HP: 23/23 MP: 1/1
     0 | D:5      | Noticed Edmund
    29 | D:5      | Noticed a scorpion
   266 | D:2      | Reached XP level 2. HP: 28/29 MP: 2/2
   393 | D:1      | Found a runed translucent door.
   429 | D:1      | Found a faded altar of an unknown god.
   731 | D:1      | Reached XP level 3. HP: 33/35 MP: 3/3
  1567 | D:1      | Reached skill level 1 in Invocations
  1571 | D:1      | Reached skill level 1 in Short Blades
  1571 | D:1      | Reached skill level 1 in Axes
  1571 | D:1      | Reached skill level 1 in Maces & Flails
  1571 | D:1      | Reached skill level 1 in Polearms
  1571 | D:1      | Reached skill level 1 in Staves
  1571 | D:1      | Reached skill level 1 in Slings
  1571 | D:1      | Reached skill level 1 in Bows
  1571 | D:1      | Reached skill level 1 in Crossbows
  1571 | D:1      | Reached skill level 1 in Throwing
  1571 | D:1      | Reached skill level 1 in Armour
  1571 | D:1      | Reached skill level 1 in Shields
  1571 | D:1      | Reached skill level 1 in Unarmed Combat
  1571 | D:1      | Reached skill level 1 in Spellcasting
  1571 | D:1      | Reached skill level 1 in Evocations
  1571 | D:1      | Reached XP level 4. HP: 34/41 MP: 5/5
  1839 | D:3      | Reached skill level 1 in Conjurations
  1839 | D:3      | Reached skill level 1 in Hexes
  1839 | D:3      | Reached skill level 1 in Summonings
  1839 | D:3      | Reached skill level 1 in Necromancy
  1839 | D:3      | Reached skill level 1 in Translocations
  1839 | D:3      | Reached skill level 1 in Transmutations
  1839 | D:3      | Reached skill level 1 in Fire Magic
  1839 | D:3      | Reached skill level 1 in Ice Magic
  1839 | D:3      | Reached skill level 1 in Air Magic
  1839 | D:3      | Reached skill level 1 in Earth Magic
  1839 | D:3      | Reached skill level 1 in Poison Magic
  1839 | D:3      | Reached XP level 5. HP: 47/47 MP: 6/6
  2139 | D:3      | Found a snail-covered altar of Cheibriados.
  2544 | D:4      | Noticed an ogre
  2544 | D:4      | Found Xun Caoq's Book Emporium.
  2546 | D:4      | Killed an ogre
  2930 | D:3      | Reached XP level 6. HP: 39/53 MP: 8/8
  3159 | D:4      | Found a staircase to the Ecumenical Temple.
  3179 | D:4      | Found a stormy altar of Qazlal.
  3413 | D:4      | Reached skill level 5 in Long Blades
  3413 | D:4      | Reached skill level 5 in Dodging
  4360 | D:5      | Reached XP level 7. HP: 59/59 MP: 10/10
  4719 | D:5      | Noticed Menkaure
  4721 | D:5      | Killed Menkaure
  4722 | D:5      | Reached skill level 10 in Stealth
  4722 | D:5      | Reached XP level 8. HP: 67/67 MP: 12/12
  5855 | Temple   | Entered the Ecumenical Temple
  6013 | Temple   | Became a worshipper of Zin the Law-Giver
  6013 | Temple   | Reached * piety under Zin
  6207 | D:6      | Noticed Eustachio
  6234 | D:6      | Killed Eustachio
  6378 | D:6      | Found a radiant altar of Vehumet.
  6386 | D:6      | Reached ** piety under Zin
  6481 | D:6      | Reached XP level 9. HP: 24/73 MP: 14/14
  7712 | D:7      | Reached *** piety under Zin
  7970 | D:7      | Found a sacrificial altar of Ru.
  8027 | D:7      | Identified the +1 robe "Hodusch" {rElec}
  8746 | D:8      | Reached skill level 5 in Invocations
  8806 | D:8      | Noticed a kobold demonologist
  9015 | D:8      | Found a transporter.
  9016 | D:8      | Noticed jl93's ghost (novice MfGl)
  9027 | D:8      | Reached **** piety under Zin
  9051 | D:8      | Noticed a moth of wrath
  9217 | D:7      | Killed a kobold demonologist
  9218 | D:7      | Reached XP level 10. HP: 23/80 MP: 17/17
  9760 | D:7      | Reached skill level 5 in Short Blades
  9760 | D:7      | Reached skill level 5 in Axes
  9760 | D:7      | Reached skill level 5 in Maces & Flails
  9760 | D:7      | Reached skill level 5 in Polearms
  9760 | D:7      | Reached skill level 5 in Staves
  9760 | D:7      | Reached skill level 5 in Slings
  9760 | D:7      | Reached skill level 5 in Bows
  9760 | D:7      | Reached skill level 5 in Crossbows
  9760 | D:7      | Reached skill level 5 in Throwing
  9760 | D:7      | Reached skill level 5 in Armour
  9760 | D:7      | Reached skill level 5 in Shields
  9760 | D:7      | Reached skill level 5 in Unarmed Combat
  9760 | D:7      | Reached skill level 5 in Spellcasting
  9760 | D:7      | Reached skill level 5 in Evocations
 10582 | D:8      | Noticed Maurice
 10594 | D:8      | Killed Maurice
 10835 | D:8      | Found a burning altar of Makhleb.
 11029 | D:8      | Found a transporter.
 11100 | D:8      | Identified the +2 scale mail of Prudence {rElec Will-
                  | Int+10}
 11480 | D:8      | Noticed Grum
 11742 | D:8      | Killed Grum
 11743 | D:8      | Reached skill level 11 in Stealth
 11970 | D:8      | Noticed a skeletal warrior
 11971 | D:8      | Found a staircase to the Lair.
 12040 | D:8      | Paralysed by a hornet for 1 turns
 12067 | D:8      | Noticed a skeletal warrior
 12465 | D:8      | Noticed a cyclops
 12484 | D:8      | Killed a cyclops
 12485 | D:8      | Reached XP level 11. HP: 77/86 MP: 19/19
 12741 | D:8      | Noticed a skeletal warrior
 13079 | D:9      | Learned a level 3 spell: Swiftness
 13098 | D:9      | Noticed Maggie
 13133 | D:9      | Killed Maggie
 13373 | D:9      | Found an ornate altar of the Wu Jian Council.
 13411 | D:9      | Reached skill level 5 in Conjurations
 13411 | D:9      | Reached skill level 5 in Hexes
 13411 | D:9      | Reached skill level 5 in Summonings
 13411 | D:9      | Reached skill level 5 in Necromancy
 13411 | D:9      | Reached skill level 5 in Translocations
 13411 | D:9      | Reached skill level 5 in Transmutations
 13411 | D:9      | Reached skill level 5 in Fire Magic
 13411 | D:9      | Reached skill level 5 in Ice Magic
 13411 | D:9      | Reached skill level 5 in Air Magic
 13411 | D:9      | Reached skill level 5 in Earth Magic
 13411 | D:9      | Reached skill level 5 in Poison Magic
 13514 | D:9      | Found an ancient bone altar of Kikubaaqudgha.
 13538 | D:9      | Found Ticoshry's Self-Improvement Boutique.
 14107 | D:9      | Noticed Pikel
 14126 | D:9      | Killed Pikel
 14853 | D:10     | Entered Level 10 of the Dungeon
 15000 | D:10     | Noticed Snorg
 15923 | D:10     | Noticed Joseph
 15931 | D:10     | Killed Joseph
 16254 | D:9      | Learned a level 3 spell: Confusing Touch
 16432 | D:10     | Slain by Snorg

Illustrated notes

Levels and vault maps discovered:
D:1:      dpeg_arrival_caged_fury, layout_basic, basic_ecumenical_altar
D:2:      layout_loops_ring, serial_rivers, chequers_serial_rivers_micro_d,
          chequers_serial_rivers_small_a, chequers_serial_rivers_marsh,
          chequers_serial_rivers_large_b, chequers_mini_garden
D:3:      layout_basic, chei_slow_surprise
D:4:      layout_basic, mainiacjoe_overflow_surrounded_room,
          minmay_temple_entry_from_below_a, serial_shops, nicolae_stop_n_shop_1
D:5:      layout_basic, st_stairs_9, uniq_menkaure, uniq_edmund
D:6:      layout_basic, nicolae_vehumet_altar_sigil, uniq_eustachio
D:7:      layout_gridville, mainiacjoe_overflow_tiny_flanked
D:8:      layout_rooms, lightli_temple_of_fire, grunt_lair_entry_orc_guard_hut,
          serial_glass, glass_columns_c, glass_columns_a,
          gammafunk_ghost_berserking_beasts, minmay_alternating_orb,
          uniq_maurice, uniq_grum
D:9:      kennysheep_steamy, layout_rooms, lemuel_doored_altar,
          nicolae_overflow_hidden_temple, nicolae_shop_self_help, uniq_pikel,
          uniq_maggie
D:10:     layout_roguey, nicolae_dithmenos_shadow_blocks, orc_david_3,
          hex_medium, uniq_joseph, uniq_snorg
Temple:   jpeg_temple_alley_garden

Skill      XL: |  1  2  3  4  5  6  7  8  9 10 11 |
---------------+----------------------------------+-----
Stealth        | 10 11 | 11.3
Invocations    | 1 2 3 4 5 6 7 |  7.1
Short Blades   | 1 2 3 4 5 6 |  6.5
Axes           | 1 2 3 4 5 6 |  6.5
Maces & Flails | 1 2 3 4 5 6 |  6.5
Polearms       | 1 2 3 4 5 6 |  6.5
Staves         | 1 2 3 4 5 6 |  6.5
Slings         | 1 2 3 4 5 6 |  6.5
Bows           | 1 2 3 4 5 6 |  6.5
Crossbows      | 1 2 3 4 5 6 |  6.5
Throwing       | 1 2 3 4 5 6 |  6.5
Armour         | 1 2 3 4 5 6 |  6.5
Shields        | 1 2 3 4 5 6 |  6.5
Unarmed Combat | 1 2 3 4 5 6 |  6.5
Spellcasting   | 1 2 3 4 5 6 |  6.5
Evocations     | 1 2 3 4 5 6 |  6.5
Conjurations   | 1 2 3 4 5 |  5.3
Hexes          | 1 2 3 4 5 |  5.3
Summonings     | 1 2 3 4 5 |  5.3
Necromancy     | 1 2 3 4 5 |  5.3
Translocations | 1 2 3 4 5 |  5.3
Transmutations | 1 2 3 4 5 |  5.3
Fire Magic     | 1 2 3 4 5 |  5.3
Ice Magic      | 1 2 3 4 5 |  5.3
Air Magic      | 1 2 3 4 5 |  5.3
Earth Magic    | 1 2 3 4 5 |  5.3
Poison Magic   | 1 2 3 4 5 |  5.3
Long Blades    | 5 6 7 8 |  8.0
Dodging        | 5 6 7 8 |  8.0
Fighting       | 7 8 9 |  9.3

Action                   |  1- 3 |  4- 6 |  7- 9 | 10-12 || total
-------------------------+-------+-------+-------+-------++-------
Melee: Falchion          |    16 |       |     6 |   123 ||   145
       Hand axe          |    22 |    12 |    35 |    66 ||   135
       Bite              |     1 |    14 |    23 |    56 ||    94
       Dagger            |    14 |   114 |   178 |   241 ||   547
       Punch             |       |       |     2 |    14 ||    16
Throw: Boomerang         |       |       |    42 |       ||    42
       Dart              |       |       |     6 |    44 ||    50
       Stone             |       |       |     3 |       ||     3
 Cast: Confusing Touch   |       |       |       |     2 ||     2
       Swiftness         |       |       |       |     1 ||     1
Invok: Recite            |       |       |       |     3 ||     3
       Imprison          |       |       |       |     1 ||     1
Evoke: Wand              |       |       |     4 |    24 ||    28
  Use: Potion            |       |     2 |       |     2 ||     4
       Scroll            |       |       |       |     7 ||     7
 Stab: Sleeping          |    12 |     7 |     8 |     8 ||    35
       Distracted        |       |     1 |     1 |       ||     2
       Invisible         |       |       |       |     1 ||     1
Armor: Leather armour    |    13 |    29 |    44 |   110 ||   196
       Acid dragon scale |       |       |       |     1 ||     1
Dodge: Dodged            |    34 |    72 |   112 |   312 ||   530
       Rpst.: Falchion   |     3 |       |     3 |    20 ||    26
